woodfighter, neutral female human Healer --- ------------ -------------- ##########-.+ |..|..-....+ |(.|..|..-.... # |.| |oo|..|....| |..|..|..|...| #### ..----@-----....----|--|-----...| ----- # |....o.............(...(....[.%.| |<..|### |..-o-----+--......-|----(---...| |...-#### |..| |..| |.....{|....|...|...| |...| |..| |..| |......|....|%%.|...| ----- |..----|-----......|.._.|%%%|...| |....^........{....|...[|!%!|...| |.------|--------..|----------... |.| |...|((].-..-....|(.(.|..| |.+ |...|(((.|..|....|.(..-..| |.| |...|]((.|..|....|(((.|..| |.---------------..-----------..| ................................+ --------------------------------- woodfighter the Embalmer Experience level: 7 Strength: 13 Dexterity: 10 Constitution: 15 Intelligence: 11 Wisdom: 14 Charisma: 16 Health: 0(50) Energy: 43(65) Def: 9 Gold: 0 Moves: 3232 Dungeon seed: H8KYK6sY8J5YEm7A Game ID: woodfighter_1507487754 Your Inventory: Weapons a - a +0 scalpel (weapon in hand) i - 22 blessed +1 darts (in quiver) Armor e - an uncursed +1 pair of leather gloves (being worn) p - an uncursed +4 cloak of displacement (being worn) q - an uncursed +0 robe Y - an uncursed +0 leather armor (being worn) Comestibles j - 8 blessed eucalyptus leaves k - a blessed sprig of wolfsbane l - a blessed clove of garlic m - 6 uncursed apples o - an uncursed pancake J - an uncursed sprig of wolfsbane M - 5 uncursed food rations Rings L - an uncursed ring of polymorph control (on left hand) Wands f - a wand of sleep (0:8) N - a wand of digging (0:5) Tools b - an uncursed stethoscope s - an uncursed bag of holding y - an uncursed skeleton key P - an uncursed magic whistle R - an uncursed towel Spells and supernatural/magical abilities: Name Level Category Fail Memory h - healing 1 healing 0% 84% x - extra healing 3 healing 14% 84% S - stone to flesh 3 healing 30% 84% W - pray for help -- divine ? -- Your skills at the end: Miscellaneous Skills wands [Basic] Weapon Skills knife [Basic] Spellcasting Skills healing spells [Basic] Final Attributes: You were devoutly aligned. You were poison resistant. Your writing hand was ok. You were displaced. You were very stealthy. You had polymorph control. You were fast. You were lucky. You are dead. Vanquished creatures: a leather golem 2 gnome kings a housecat 2 fog clouds 4 gnome lords 3 gnomish wizards a kitten 7 dwarves 5 hill orcs a jitterbug a dwarf zombie 11 killer bees a hobbit 3 geckos a giant rat a cave spider a brown mold a red mold 18 gnomes 2 manes 5 jackals a kobold 5 newts a goblin 3 sewer rats 4 grid bugs 3 lichens 89 creatures vanquished. Voluntary challenges: You did not cause conflict. You were not invisible. You did not have reflection. You used a wielded weapon 308 times, starting on turn 40. You did not apply a unicorn horn. You did not use plumbed fixtures. You did not drink any magical draughts. You read items or engraved 1 time, starting on turn 1743. You never genocided any monsters. You never polymorphed an object. You never changed form. You used no wishes. You never split a pudding. You never wrote Elbereth's name. You never violated your personal moral code. Dungeon overview: The Dungeons of Doom: levels 1 to 7 Level 1 some fountains a long staircase Level 2 a jewelry store, a fountain, a sink Level 3 (boxes + vault) a fountain Level 4 a delicatessen, an altar to Poseidon stairs to The Gnomish Mines Level 5 many fountains Level 6 a sink stairs to Sokoban Level 7 a fountain The Gnomish Mines: levels 5 to 7 Level 5 stairs to The Dungeons of Doom Level 6 Level 7 <- You were here some shops, a temple to Hermes, a magic chest, some fountains Sokoban: Level 5 an altar to Athena, a magic chest stairs to The Dungeons of Doom History has recorded: On T:1 you entered the Dungeons of Doom to retrieve the Amulet of Yendor! On T:86 you reached level 2 of The Dungeons of Doom. On T:395 you reached level 3 of The Dungeons of Doom. On T:461 you advanced to experience level 2. On T:599 you reached level 4 of The Dungeons of Doom. On T:1044 you reached level 5 of The Dungeons of Doom. On T:1070 you reached level 1 of The Gnomish Mines. On T:1235 you advanced to experience level 3. On T:1485 you advanced to experience level 4. On T:1598 you reached level 6 of The Dungeons of Doom. On T:1651 you reached level 7 of The Dungeons of Doom. On T:1684 you reached level 4 of Sokoban. On T:1740 you opened a magic chest. On T:2052 you advanced to experience level 5. On T:2079 you reached level 2 of The Gnomish Mines. On T:2557 you reached level 3 of The Gnomish Mines. On T:2725 you advanced to experience level 6. On T:2733 you entered the Minetown temple On T:2850 you advanced to experience level 7. Score breakdown: Gold: 0 ( 0 points) Experience: 7 levels ( 600 points) Exploration: 7 levels ( 180 points) Discoveries: 16 items ( 800 points) Variety of kills: 27 monsters ( 1350 points) Major goal: reached Minetown ( 500 points) Survival: died (score multiplied by 3) Total score: 10290 Latest messages: The Uruk-hai is lightly wounded. The Uruk-hai zaps a wand of striking! The wand hits you! The wand hits the hill orc! The hill orc is killed! You hack the Uruk-hai. The Uruk-hai is moderately wounded. The Uruk-hai zaps a wand of striking! The wand hits you! The hill orc swings her curved sword at you. The hill orc misses. The hill orc strikes at your displaced image and misses you! You slash the Uruk-hai. The Uruk-hai is moderately wounded. The hill orc swings her curved sword at you. The hill orc slashes you! You slash the Uruk-hai. The Uruk-hai is moderately wounded. The Uruk-hai zaps a wand of striking! The wand hits you! The wand hits the hill orc! The hill orc is heavily wounded. The hill orc swings her curved sword at you. The hill orc slashes you! You die... The bag of holding is empty. The bag of holding is empty. Final status: Goodbye woodfighter the Healer, killed by a hill orc... You died in The Gnomish Mines on dungeon level 7 with 10290 points, and 0 pieces of gold, after 3232 moves. You were level 7 with a maximum of 50 hit points when you died.